 Dungeon Crawl Stone Soup version 0.30-a0-469-g84de5afbc5 (webtiles) character file.

Game seed: 9108201652207560996

13 drugrobin the Charlatan (level 2, -1/24 HPs)
             Began as a Demigod Artificer on Dec 20, 2022.
             Slain by a gnoll
             ... wielding a +0 flail
              (5 damage)
             ... on level 1 of the Dungeon.
             The game lasted 00:01:40 (456 turns).

drugrobin the Charlatan (Demigod Artificer)          Turns: 456, Time: 00:01:41

Health: -1/24      AC:  3    Str: 13    XL:     2   Next: 12%
Magic:  4/4        EV: 11    Int: 13    God:
Gold:   41         SH:  0    Dex: 14    Spells: 1/1 levels left

rFire   . . .      SeeInvis +    b - +0 sling
rCold   . . .      Faith    .    (no shield)
rNeg    . . .      Spirit   .    l - +0 leather armour
rPois   .          Reflect  .    (no helmet)
rElec   .          Harm     .    (no cloak)
rCorr   .          Rampage  .    (no gloves)
Will    .....                    (no boots)
Stlth   +.........               (no amulet)
HPRegen 0.24/turn                j - ring of see invisible
MPRegen 0.09/turn                (no ring)

@: no status effects
A: high MP 1, forlorn, divine attributes
a: no special abilities


You were on level 1 of the Dungeon.
You visited 1 branch of the dungeon, and saw 1 of its levels.

You collected 41 gold pieces.

Inventory:

Hand Weapons
 a - a +0 short sword
 b - a +0 sling (weapon)
Armour
 l - a +0 leather armour (worn)
Jewellery
 j - a ring of see invisible (left hand)
Wands
 c - a wand of flame (13)
 d - a wand of charming (15)
 e - a wand of iceblast (5)
Scrolls
 g - 2 scrolls of amnesia {unknown}
 k - a scroll of acquirement {unknown}
Potions
 f - a potion of curing {unknown}
 h - 2 potions of haste {unknown}
 i - 2 potions of lignification {unknown}


   Skills:
 + Level 2.1 Fighting
 - Level 1.7 Armour
 - Level 0.8 Dodging
 - Level 0.8 Stealth
 - Level 2.6 Evocations


You had one spell level left.
You didn't know any spells.
Your spell library was empty.

Dungeon Overview and Level Annotations

Branches:
Dungeon (1/15)


Innate Abilities, Weirdness & Mutations

You have an increased reservoir of magic. (+10% MP)
You shall have no god before yourself.
Your divine heritage dramatically boosts your attributes as you level up.


Message History

Unknown command.
Unknown command.
Aiming: Throw Flame
Press: ? - help, Shift-Dir - straight line, f/p - gnoll
Aim: a gnoll, wielding a +0 flail and quivering poisoned darts (severely wounded, 75% to hit)
The puff of flame hits the gnoll.
The gnoll is almost dead.
The gnoll hits you with a +0 flail.
Fire: b) +0 sling
Press: ? - help, Q - select action, (/) - cycle Shift-Dir - straight line, f/p - gnoll
Aim: a gnoll, wielding a +0 flail and quivering poisoned darts (almost dead, 60% to hit)
You shoot a sling bullet.
The sling bullet hits the gnoll but does no damage.
The gnoll is almost dead.
The gnoll hits you with a +0 flail.
Unknown command.
Unknown command.
Fire: b) +0 sling
Press: ? - help, Q - select action, (/) - cycle Shift-Dir - straight line, f/p - gnoll
Aim: a gnoll, wielding a +0 flail and quivering poisoned darts (almost dead, 60% to hit)
You shoot a sling bullet.
The sling bullet closely misses the gnoll.
The gnoll barely misses you. The gnoll hits you with a +0 flail.
Unknown command.
Fire: b) +0 sling
Press: ? - help, Q - select action, (/) - cycle Shift-Dir - straight line, f/p - gnoll
Aim: a gnoll, wielding a +0 flail and quivering poisoned darts (almost dead, 60% to hit)
You shoot a sling bullet.
The sling bullet barely misses the gnoll.
The gnoll completely misses you.
Unknown command.
Fire: b) +0 sling
Press: ? - help, Q - select action, (/) - cycle Shift-Dir - straight line, f/p - gnoll
Aim: a gnoll, wielding a +0 flail and quivering poisoned darts (almost dead, 60% to hit)
You shoot a sling bullet.
The sling bullet barely misses the gnoll.
The gnoll hits you with a +0 flail!
* * * LOW HITPOINT WARNING * * *
The gnoll hits you with a +0 flail.
You die...

############ ## #..........#
#. #..........# #.
#..........# #####.
###..........# ##.....
.............# #....).
#..........#####..###.
#g#####......####.
#@...##......##...
#.##.............. ..#
##.#............... #.#
######....##............ #.#
#.........##............
#.###........###............
#............# #............
#.##.....##.## #............
#.###..#.##.#
###....รท......


You could see a gnoll.

Vanquished Creatures
  2 endoplasms (D:1)
  A giant cockroach (D:1)
  3 kobolds (D:1)
  A ball python (D:1)
  A bat (D:1)
  5 rats (D:1)
13 creatures vanquished.

Notes
Turn   | Place    | Note
-------+----------+-------------------------------------------
     0 | D:1      | drugrobin the Demigod Artificer began the quest for the
                  | Orb.
     0 | D:1      | Reached XP level 1. HP: 15/15 MP: 3/3
     7 | D:1      | Reached skill level 1 in Fighting
   367 | D:1      | Reached XP level 2. HP: 24/24 MP: 4/4
   456 | D:1      | Slain by a gnoll

Illustrated notes

Levels and vault maps discovered:
D:1:      onia_arrival_handbag, layout_rooms

Skill      XL: |  1 |
---------------+----+-----
Fighting       | 2 |  2.1
Armour         | |  1.7
Dodging        | |  0.8
Stealth        | |  0.8
Evocations     | |  2.6

Action                   || total
-------------------------++-------
Melee: Short sword       ||    24
       Club              ||    19
 Fire: Sling             ||    11
Evoke: Wand              ||     2
Armor: Leather armour    ||    11
Dodge: Dodged            ||    28

Table legend: (Time is in decaauts)
 A = Elapsed time spent in this place.
 B = Non-inter-level travel time spent in this place.
 C = Inter-level travel time spent in this place.
 D = Time resting spent in this place.
 E = Time spent auto-exploring this place.
 F = Levels seen in this place.
 G = Mean time per level.
                   A        B        C        D        E       F      G
               +--------+--------+--------+--------+--------+-----+--------+
         Total |    461 |    446 |     15 |     76 |    210 |   1 |  461.0 |
       Dungeon |    461 |    446 |     15 |     76 |    210 |   1 |  461.0 |
               +--------+--------+--------+--------+--------+-----+--------+

Top non-repeatable levels by time:
     D:1: 461 daAuts
